 Dungeon Crawl Stone Soup version 0.29.1-4-g47bece8355 (webtiles) character file.

Game seed: 18024900645453230685

51 iamoutofideas the Chopper (level 3, -1/49 HPs)
             Began as a Hill Orc Berserker on Dec 8, 2022.
             Was a Follower of Trog.
             Slain by a gnoll
             ... wielding a +0 halberd
              (7 damage)
             ... on level 2 of the Dungeon.
             The game lasted 00:01:22 (2440 turns).

iamoutofideas the Chopper (Hill Orc Berserker)      Turns: 2440, Time: 00:01:22

Health: -1/49      AC:  4    Str: 21    XL:     3   Next: 81%
Magic:  3/3        EV: 11    Int:  7    God:    Trog [*.....]
Gold:   53         SH:  0    Dex: 10    Spells: 2/2 levels left

rFire   . . .      SeeInvis .   a - +0 hand axe
rCold   . . .      Faith    .   (no shield)
rNeg    . . .      Spirit   .   h - +0 leather armour
rPois   .          Reflect  .   (no helmet)
rElec   .          Harm     .   (no cloak)
rCorr   +          Rampage  .   (no gloves)
Will    .....                   g - +0 pair of boots
Stlth   ..........              (no amulet)
HPRegen 0.16/turn               d - ring of resist corrosion
MPRegen 0.08/turn               (no ring)

@: berserking, very quick
A: no striking features
a: Renounce Religion, Berserk


You were on level 2 of the Dungeon.
You worshipped Trog.
Trog was aware of your devotion.
You visited 1 branch of the dungeon, and saw 2 of its levels.

You collected 53 gold pieces.

Inventory:

Hand Weapons
 a - a +0 hand axe (weapon)
Armour
 c - a +0 ring mail
 g - a +0 pair of boots (worn)
 h - a +0 leather armour (worn)
 j - a +0 buckler
Jewellery
 d - a ring of resist corrosion (left hand)
Scrolls
 f - 3 scrolls of identify {unknown}
 i - a scroll of poison {unknown}
Potions
 b - 2 potions of curing {unknown}
 e - a potion of heal wounds {unknown}
 k - a potion of invisibility {unknown}


   Skills:
 - Level 4.0 Fighting
 + Level 5.1 Axes
 - Level 2.7 Armour
 - Level 2.0 Dodging


You had 2 spell levels left.
You didn't know any spells.
Your spell library contained the following spells:

 Spells                   Type           Power      Damage    Failure   Level
 Sublimation of Blood     Necr           0%         N/A       63%         2
 Wereblood                Tmut           0%         N/A       63%         2
 Summon Hydra             Summ           0%         N/A       100%        7


Dungeon Overview and Level Annotations

Branches:
Dungeon (2/15)

Altars:


Message History

The gnoll moves out of view.
A gnoll comes into view. It is wielding a +0 flail.
There are monsters nearby!
The gnoll throws a stone.
The stone closely misses you.
There are monsters nearby!
There are monsters nearby!
Found a short sword.
The gnoll throws a stone.
The stone hits you.
There are monsters nearby!
You hit the rat.
You kill the rat!
Trog accepts your kill.
There are monsters nearby!
A gnoll comes into view. It is wielding a +0 flail.
The gnoll shouts!
The gnoll throws a stone.
The stone hits you but does no damage.
A quokka comes into view.
The gnoll hits you from afar with a +0 halberd!
The gnoll closely misses you.
You hit the gnoll but do no damage.
The gnoll throws a stone.
The stone hits you. The gnoll barely misses you.
A bat comes into view.
You hit the gnoll.
The gnoll is heavily wounded.
The gnoll closely misses you. The gnoll hits you with a +0 flail.
You are too injured to fight recklessly!
A red film seems to cover your vision as you go berserk!
You feel yourself moving faster!
You feel mighty!
The gnoll hits you from afar with a +0 halberd.
The gnoll completely misses you.
You hit the gnoll.
The gnoll is heavily wounded.
You closely miss the gnoll.
The gnoll hits you from afar with a +0 halberd!
* * * LOW HITPOINT WARNING * * *
The gnoll hits you but does no damage. The gnoll barely misses you.
You hit the gnoll.
The gnoll is almost dead.
You completely miss the gnoll.
The gnoll hits you from afar with a +0 halberd!
You die...

###.##### ##. ## #.# #
.. .# #.# # #.#..# ##+#
# ....# ##...## # #
#b#.# ##.....###
#.####.#g## ##..<....##
#.....rgg.####.........#
.......@.....'..[......'
######...)####......)..#
#.#.## #.......## #.###
##.....## #.# ##...##
#.# ###'### ####.#####
#.....# #........#
#.#.#.# #.##.###.#
#.#.#.#


You could see 3 gnolls, a quokka and a bat.

Vanquished Creatures
  An adder (D:2)
  A worm (D:2)
  A dart slug (D:1)
  3 ball pythons
  4 endoplasms
  A giant cockroach (D:1)
  3 goblins (D:1)
  5 hobgoblins
  5 kobolds
  2 quokkas (D:2)
  A bat (D:2)
  2 frilled lizards (D:1)
  6 rats
35 creatures vanquished.

Notes
Turn   | Place    | Note
-------+----------+-------------------------------------------
     0 | D:1      | iamoutofideas the Hill Orc Berserker began the quest for
                  | the Orb.
     0 | D:1      | Reached XP level 1. HP: 19/19 MP: 1/1
   263 | D:1      | Reached XP level 2. HP: 26/27 MP: 2/2
   363 | D:1      | Found a faded altar of an unknown god.
  1412 | D:1      | Reached XP level 3. HP: 29/33 MP: 3/3
  2293 | D:2      | Reached skill level 5 in Axes
  2440 | D:2      | Slain by a gnoll

Illustrated notes

Levels and vault maps discovered:
D:1:      wheals_arrival_shading, layout_loops_ring,
          shapermc_ecumenical_altar_ellora, minmay_crystal_water,
          kennysheep_small_spiral
D:2:      layout_loops_corners, serial_park_tiny_1, minmay_misc_feat_hallway

Skill      XL: |  1  2  3 |
---------------+----------+-----
Fighting       | 4 |  4.0
Dodging        | 2 |  2.0
Axes           | 5 |  5.1
Armour         | |  2.7

Action                   || total
-------------------------++-------
Melee: Hand axe          ||   149
       Punch             ||     2
Invok: Berserk           ||     2
Armor: Animal skin       ||     5
       Leather armour    ||    31
Dodge: Dodged            ||    87
